 Dungeon Crawl Stone Soup version 0.21.1-1-g345015f (webtiles) character file.

217 erloom the Chopper (level 5, -1/50 HPs)
             Began as a Deep Dwarf Fighter on Mar 3, 2018.
             Slain by an orc warrior
             ... wielding a +0 halberd
              (6 damage)
             ... on level 4 of the Dungeon.
             The game lasted 00:08:14 (2168 turns).

erloom the Chopper (Deep Dwarf Fighter)             Turns: 2168, Time: 00:08:15

Health: -1/50      AC:  9    Str: 20    XL:     5   Next: 62%
Magic:  5/5        EV:  6    Int:  9    God:
Gold:   164        SH:  9    Dex: 12    Spells: 4/4 levels left

rFire    + . .     SeeInvis .   a - +2 war axe
rCold    . . .     Gourm    .   c - +0 shield
rNeg     . . .     Faith    .   i - +0 chain mail
rPois    .         Spirit   .   (no helmet)
rElec    .         Reflect  .   (no cloak)
rCorr    .         Harm     .   (no gloves)
MR       .....                  (no boots)
Stlth    ..........             (no amulet)
HPRegen  0.00/turn              o - ring of protection from fire
MPRegen  0.09/turn              (no ring)

@: non-regenerating
A: damage resistance, heal wounds, sense surroundings 1, no regeneration
a: Heal Wounds


You were on level 4 of the Dungeon.
You were not hungry.

You visited 1 branch of the dungeon, and saw 4 of its levels.

You collected 164 gold pieces.

Inventory:

Hand Weapons
 a - a +2 war axe (weapon)
Missiles
 m - 4 javelins (quivered)
Armour
 b - a +0 scale mail
 c - a +0 shield (worn)
 i - a +0 chain mail (worn)
Jewellery
 o - a ring of protection from fire (left hand)
 s - an uncursed ring of ice
 t - an uncursed ring of loudness
Scrolls
 e - 2 scrolls of teleportation
 h - a scroll of remove curse
 j - 3 scrolls of identify {unknown}
 q - a scroll of fear {unknown}
 u - a scroll of immolation {unknown}
 v - 2 scrolls of noise {unknown}
Potions
 d - a potion of might
 k - a potion of magic {unknown}
 l - 2 potions of heal wounds {unknown}
 n - 2 potions of curing {unknown}
 p - a potion of degeneration {unknown}
 r - a potion of haste {unknown}
Comestibles
 f - 7 rations
 g - a chunk of flesh


   Skills:
 + Level 3.7 Fighting
 + Level 4.8 Axes
 - Level 3.2 Armour
 + Level 2.7 Dodging
 + Level 0.1 Stealth
 - Level 3.2 Shields


You had 4 spell levels left.
You didn't know any spells.

Dungeon Overview and Level Annotations

Branches:
Dungeon (4/15)
 Temple: D:4-7

Altars:
Wu Jian

Annotations:
D:4 1994's ghost, novice MfGl


Innate Abilities, Weirdness & Mutations

You are resistant to damage.
You can heal yourself by infusing magical energy.
You passively map a small area around you.
You do not regenerate.


Message History

* * * LOW HITPOINT WARNING * * *
You slash the gnoll!
You kill the gnoll!
Things that are here:
a spear; a gnoll corpse You now have 164 gold pieces (gained 14). 2 jackals and an orc warrior come into view.
The jackal barks!
The orc warrior shouts!
You hear a shout! x2
A jackal, an orc and an orc priest come into view.
There is a stone staircase leading up here.
You block the orc warrior's attack.
You hit the jackal.
The jackal is severely wounded.
The jackal bites you but does no damage.
The orc warrior completely misses you.
The jackal bites you but does no damage.
The jackal barely misses you. You block the jackal's attack.
The orc warrior hits you from afar with a halberd!
You die...

##.<)..## * ##.......##
#.........# , #.........#
#.....)...# * * *
######.>.......## ,
...................
.##########.........####*
........# #.oh@.....# , ,
#.......###..h......# *
#........oo.........#
*##.#...###.........#
###.# ##.......... , #o#
##.....>... * * ,* #h##
##........ , *
#..######......# ,* , *
##....##*......#* , ,


You could see an orc warrior, an orc priest, an orc and 2 jackals.

Vanquished Creatures
  A crimson imp (D:2)
  An orc wizard (D:3)
  A worker ant (D:4)
  3 gnolls
  4 adders
  2 worms
  3 dart slugs
  A ball python (D:1)
  2 giant cockroaches
  10 goblins
  9 hobgoblins
  4 jackals (D:2)
  5 bats
  6 frilled lizards
  5 kobolds
  5 rats
62 creatures vanquished.

Notes
Turn   | Place    | Note
-------+----------+-------------------------------------------
     0 | D:1      | erloom the Deep Dwarf Fighter began the quest for the Orb.
     0 | D:1      | Reached XP level 1. HP: 20/20 MP: 1/1
   136 | D:1      | Reached XP level 2. HP: 22/28 MP: 2/2
   733 | D:2      | Reached skill level 3 in Axes
   795 | D:2      | Reached XP level 3. HP: 15/34 MP: 3/3
  1208 | D:2      | Found a faded altar of an unknown god.
  1325 | D:2      | Reached XP level 4. HP: 6/42 MP: 4/4
  1429 | D:3      | Found an ornate altar of the Wu Jian Council.
  1590 | D:3      | Reached skill level 4 in Axes
  1740 | D:3      | HP: 1/42 [adder (2)]
  1974 | D:4      | Reached XP level 5. HP: 30/49 MP: 5/5
  2080 | D:4      | Noticed 1994's ghost (novice MfGl)
  2147 | D:4      | Noticed an orc warrior
  2168 | D:4      | Slain by an orc warrior

Skill      XL: |  1  2  3  4 |
---------------+-------------+-----
Fighting       | 3 |  3.7
Axes           | 3 4 |  4.8
Dodging        | 2 |  2.7
Armour         | |  3.2
Stealth        | |  0.1
Shields        | |  3.2

Action                   |  1- 3 |  4- 6 || total
-------------------------+-------+-------++-------
Melee: War axe           |   150 |   109 ||   259
 Abil: Heal Wounds       |       |     1 ||     1
  Use: Scroll            |       |     4 ||     4
  Eat: Chunk             |     2 |     3 ||     5
Armor: Scale mail        |    64 |    45 ||   109
       Chain mail        |       |     6 ||     6
Dodge: Dodged            |    50 |    29 ||    79
Block: Shield            |    77 |    49 ||   126
